AoeStats
← Traygamor

Glade

513360855Analyzed
1v1 RM · 4d ago on Oct 13, 2026· 29m 51s· 2 players
Game mode
Random Map
Map size
Tiny (2 player)
Population
200
Speed
Normal
Resources
Standard
Victory
Conquest
Starting age
Dark Age
Ending age
Imperial Age
RankedLock teamsTeams togetherTeam positionsShared explorationLock speedFull tech treeHidden civsTurbo modeCheats
Victory
Defeat
🇹🇷 Turks · Türkiye
1022
+15
vs
🇨🇦 Teutons · Canada
996
-15
Orage7
9:17 Loom
11:27 Feudal Age
12:21 Double-Bit Axe
18:19 Castle Age
16:15 Horse Collar
16:50 Gold Mining
17:38 Bloodlines
19:24 Bloodlines
22:50 Scale Barding Armor
23:49 Forging
26:42 Chain Barding Armor
Traygamor
2:31 Loom
11:23 Feudal Age
14:42 Castle Age
13:13 Double-Bit Axe
21:45 Imperial Age
21:15 Padded Archer Armor
Connection lost

Rejoining the realm…

Still unreachable

The connection could not be restored.

Session expired

The server has moved on; the page needs a fresh start.